 Dungeon Crawl Stone Soup version 0.28.0-62-gf88900778d (webtiles) character file.

Game seed: 1902413783588685320

18 cbfl8 the Skirmisher (level 2, -12/27 HPs)
             Began as a Hill Orc Fighter on Apr 30, 2023.
             Engulfed by a cloud of flame (23 damage)
             ... on level 1 of the Dungeon.
             The game lasted 00:00:34 (790 turns).

cbfl8 the Skirmisher (Hill Orc Fighter)              Turns: 790, Time: 00:00:34

Health: -12/27     AC:  6    Str: 18    XL:     2   Next: 70%
Magic:  2/2        EV:  9    Int:  8    God:
Gold:   51         SH:  4    Dex: 10    Spells: 1/1 levels left

rFire   . . .      SeeInvis .   a - +0 war axe
rCold   . . .      Faith    .   c - +0 buckler
rNeg    . . .      Spirit   .   b - +0 scale mail
rPois   .          Reflect  .   (no helmet)
rElec   .          Harm     .   (no cloak)
rCorr   .          Rampage  .   (no gloves)
Will    .....                   (no boots)
Stlth   ..........              (no amulet)
HPRegen 0.09/turn               (no ring)
MPRegen 0.08/turn               (no ring)

@: no status effects
A: no striking features
a: no special abilities


You were on level 1 of the Dungeon.
You visited 1 branch of the dungeon, and saw 1 of its levels.

You collected 51 gold pieces.

Inventory:

Hand Weapons
 a - a +0 war axe (weapon)
Armour
 b - a +0 scale mail (worn)
 c - a +0 buckler (worn)
Scrolls
 f - a scroll of silence {unknown}
 g - a scroll of holy word {unknown}
 h - a scroll of immolation {unknown}
 i - a scroll of brand weapon {unknown}
Potions
 d - a potion of might
 e - a potion of heal wounds {unknown}


   Skills:
 * Level 4.0 Fighting
 * Level 2.9 Axes
 + Level 3.4 Armour
 * Level 0.2 Dodging
 + Level 3.4 Shields
 * Level 0.5 Invocations
 * Level 0.4 Evocations


You had one spell level left.
You didn't know any spells.
Your spell library was empty.

Dungeon Overview and Level Annotations

Branches:
Dungeon (1/15)

Altars:


Message History

A ball python is nearby!
You slash the ball python!
You kill the ball python!
You see here a ball python corpse. 2 hobgoblins come into view.
Found 13 bolts, 10 gold pieces, a flail and a glowing robe.
The hobgoblin shouts! x2
The hobgoblin is engulfed in blazing flames.
The hobgoblin dies!
The hobgoblin moves out of view.
No target in view!
A hobgoblin comes into view.
The hobgoblin shouts!
The hobgoblin moves out of view.
No target in view!
No reachable target in view!
A hobgoblin is nearby!
No reachable target in view!
A hobgoblin is nearby!
No reachable target in view!
A hobgoblin is nearby!
No reachable target in view!
A hobgoblin is nearby!
No reachable target in view!
You hit the hobgoblin.
You kill the hobgoblin!
The hobgoblin is engulfed in blazing flames.
The hobgoblin dies!
No target in view!
No target in view!
No target in view!
You see here a hobgoblin corpse.
Really walk into a travel-excluded area?
Really walk into that cloud of flame?
Okay, then.
You are engulfed in blazing flames.
Ouch! That really hurt!
You are engulfed in blazing flames.
Ouch! That really hurt!
You die...

##.# ##..........##.#
##.# #####.#...##)##
...# #.....#...# .###
#####...#.#†### .#
#.........#...## .#
#.....#†#...#..# .#
######...#####.# .#
#§§○# #.# .# #@§☼#
#.# .# ####### #§°☼#
#.# .#
#.....#####...# #.#
.#
#....#.§§§.?.(...§..#
>#
#....#.§§§.!)$.§§§..#
.#
#....#.☼.☼...[.☼§§.##
)# #.....#
###...##### .##
###...# #..§# ..#
#....#


There were no monsters in sight!

Vanquished Creatures
  A dart slug (D:1)
  2 endoplasms (D:1)
  2 hobgoblins (D:1)
  2 quokkas (D:1)
  3 ball pythons (D:1)
  A frilled lizard (D:1)
  3 goblins (D:1)
  2 kobolds (D:1)
16 creatures vanquished.

Vanquished Creatures (others)
  2 hobgoblins (D:1)
  A fungus (D:1)
  2 plants (D:1)
5 creatures vanquished.

Grand Total: 21 creatures vanquished

Notes
Turn   | Place    | Note
-------+----------+-------------------------------------------
     0 | D:1      | cbfl8 the Hill Orc Fighter began the quest for the Orb.
     0 | D:1      | Reached XP level 1. HP: 19/19 MP: 1/1
   204 | D:1      | Reached XP level 2. HP: 22/27 MP: 2/2
   653 | D:1      | Found a faded altar of an unknown god.
   661 | D:1      | Reached skill level 4 in Fighting
   790 | D:1      | Engulfed by a cloud of flame

Illustrated notes

Levels and vault maps discovered:
D:1:      dpeg_arrival_rooms_b, layout_basic, dreamdust_ecumenical_altar_grove,
          serial_forest, infiniplex_forest_lined_corner,
          infiniplex_forest_clump_small, infiniplex_forest_clump_small,
          infiniplex_forest_clump_diagonal, infiniplex_forest_clump_C,
          infiniplex_forest_straight_3, infiniplex_forest_straight_4,
          infiniplex_forest_split, lemuel_flame_loot_1

Skill      XL: |  1  2 |
---------------+-------+-----
Fighting       | 4 |  4.0
Axes           | |  2.9
Armour         | |  3.4
Dodging        | |  0.2
Shields        | |  3.4
Invocations    | |  0.5
Evocations     | |  0.4

Action                   || total
-------------------------++-------
Melee: War axe           ||    44
Armor: Scale mail        ||    20
Dodge: Dodged            ||    19
Block: Buckler           ||    11
